 Seeded DCSS version 0.29-a0-360-g8ed1089bbe (webtiles) character file.

Game seed: 3202661867537766148 (custom seed)

30 zeratav the Shooter (level 3, 21/21 HPs)
             Began as a Tengu Hunter on Apr 28, 2022.
             Quit the game on level 1 of the Dungeon.
             The game lasted 00:01:41 (1061 turns).

zeratav the Shooter (Tengu Hunter)                  Turns: 1061, Time: 00:01:41

Health: 21/21      AC:  3    Str: 11    XL:     3   Next: 20%
Magic:  4/4        EV: 12    Int:  9    God:
Gold:   54         SH:  0    Dex: 19    Spells: 2/2 levels left

rFire   . . .      SeeInvis .   a - +1 shortbow {bow}
rCold   . . .      Faith    .   (shield currently unavailable)
rNeg    . . .      Spirit   .   b - +0 leather armour
rPois   .          Reflect  .   (helmet restricted)
rElec   .          Harm     .   (no cloak)
rCorr   .          Rampage  .   (no gloves)
Will    .....                   (boots unavailable)
Stlth   ++........              (no amulet)
HPRegen 0.07/turn               (no ring)
MPRegen 0.09/turn               (no ring)

@: no status effects
A: beak, talons 3
a: no special abilities


You were on level 1 of the Dungeon.
You visited 1 branch of the dungeon, and saw 1 of its levels.

You collected 54 gold pieces.


Innate Abilities, Weirdness & Mutations

You have a beak for a mouth.
You have claws for feet.


   Skills:
 - Level 2.0 Fighting
 + Level 5.5 Bows
 - Level 2.1 Dodging
 - Level 1.0 Stealth


You had 2 spell levels left.
You didn't know any spells.
Your spell library contained the following spells:

 Spells                   Type           Power      Damage    Failure   Level
 Gell's Gravitas          Tloc           0%         N/A       85%         3
 Teleport Other           Tloc           0%         N/A       85%         3
 Dispersal                Tloc           0%         N/A       100%        6

Inventory:

Hand Weapons
 a - a +1 shortbow (weapon) {bow}
 k - a +3 dagger {short}
   (You took it off a goblin on level 1 of the Dungeon)
Armour
 b - a +0 leather armour (worn)
 g - a +0 chain mail
   (You found it on level 1 of the Dungeon)
Scrolls
 c - a scroll of immolation {!r!r}
 d - a scroll of identify {unknown}
 e - a scroll of teleportation {unknown}
 h - a scroll of enchant weapon {unknown}
 j - a scroll of magic mapping {unknown}
 m - a scroll of acquirement
Potions
 f - a potion of brilliance {unknown}
 i - a potion of curing {unknown}
 l - 3 potions of might {unknown}

Dungeon Overview and Level Annotations

Branches:
Dungeon (1/15)

Altars:

##### #### ########
#.#.####..######## .......#
#................. ######.#
#.#.###.#.##....... #.#
#.#.............#.#.# #.#
#.#.###.#.##.##.#.#.# #.#
#.#.....#....##.#.#.#
#.######...@...#######.#.#.#
#.#.#....>.....+.>.......#.#
#####.#.##.#...†...#######...#.#
#.......##.#.#.#..#######....#.#
#.###.#.##.#.#.#..†..........#'#
#.#.##.#...#..####.##.......
#.#.##.#.#.#..# #.##.......
#####.#.##.#.#...## #.##.......
#.....#.##.#.#.### #.##.......


There were no monsters in sight!


Message History

You now have 39 gold pieces (gained 19).
A rat comes into view.
You shoot an arrow. The arrow hits the rat.
You kill the rat!
No target in view!
j - a scroll labelled VILYEWO LOAGUEGU You open the door.
There is an open door here.
You open the door.
You now have 43 gold pieces (gained 4).
As you open the door, it creaks loudly!
You open the door.
There is an open door here.
You now have 54 gold pieces (gained 11).
You open the door.
There is an open door here.
A rat comes into view.
A rat is nearby!
You shoot an arrow. The arrow hits the rat.
You kill the rat!
No target in view!
No target in view!
There is an open door here.
You see here a bat skeleton.
There is an open door here.
You see here a +0 club {mace}.
You see here a +0 club {mace}.
You see here a +0 short sword {short}.
A goblin comes into view. It is wielding a +3 dagger.
You shoot an arrow. The arrow hits the goblin.
You kill the goblin!
You have reached level 3!
Your experience leads to an increase in your attributes!
Increase (S)trength, (I)ntelligence, or (D)exterity?
You feel agile. x2
HP[+4] MP[+1]
You now have 21 max hp (+4).
Your hp is fully restored (21).
Your mp is fully restored (4).
Unknown command.
k - a +3 dagger {short} You see here a goblin corpse.
You see here a goblin corpse.
As you open the door, it creaks loudly!
No target in view!
There is an open door here.
Found a stone staircase leading down.
Found a stone staircase leading down.
A bat, a jackal and a hobgoblin come into view.
You shoot an arrow.
The arrow hits the bat but does no damage.
The hobgoblin shouts!
You hear a bark!
The bat hits you but does no damage.
A jackal comes into view.
You shoot an arrow. The arrow barely misses the bat.
You hear an angry hiss.
The bat closely misses you.
A frilled lizard comes into view.
You shoot an arrow. The arrow closely misses the jackal.
The arrow hits the frilled lizard.
You kill the frilled lizard!
The bat closely misses you.
A jackal comes into view.
The jackal closely misses you.
You shoot an arrow. The jackal barks!
The arrow hits the jackal.
The jackal barely misses you.
You shoot an arrow.
The arrow hits the jackal but does no damage.
The jackal bites you but does no damage.
You shoot an arrow. The arrow hits the jackal.
You kill the jackal!
The bat hits you.
HP[-1]
You take 1 damage, and now have 20/21 hp.
You shoot an arrow. The arrow hits the jackal!
You kill the jackal!
The bat closely misses you.
You shoot an arrow. The arrow closely misses the hobgoblin.
The arrow hits the jackal.
The hobgoblin misses you.
You shoot an arrow. The arrow hits the hobgoblin.
You kill the hobgoblin!
The bat hits you but does no damage.
You shoot an arrow. The arrow hits the jackal!
You kill the jackal!
The bat barely misses you.
You shoot an arrow. The arrow closely misses the bat.
The bat completely misses you. The bat hits you but does no damage.
You shoot an arrow. The arrow hits the bat!
You kill the bat!
No target in view!
No target in view!
No target in view!
You see here a hobgoblin corpse.
l - 2 fuming coppery potions HP[+1]
Your hp is fully restored (21).
l - 3 fuming coppery potions (gained 1)
m - a scroll labelled AMOTIU KURUYMP This is a scroll of acquirement!
Are you sure you want to abandon this character and quit the game? (Confirm with "yes".)

Skill      XL: |  1  2 |
---------------+-------+-----
Bows           | 5 |  5.5
Fighting       | |  2.0
Dodging        | |  2.1
Stealth        | |  1.0

Action                   || total
-------------------------++-------
 Fire: Shortbow          ||    71
Armor: Leather armour    ||    17
Dodge: Dodged            ||    22

Levels and vault maps discovered:
D:1:      minmay_arrival_jagged, layout_basic, minmay_tetromino_i2

Notes
Turn   | Place    | Note
-------+----------+-------------------------------------------
     0 | D:1      | zeratav the Tengu Hunter began the quest for the Orb.
     0 | D:1      | Reached XP level 1. HP: 12/12 MP: 2/2
     0 | D:1      | magus.rc [v1.9.6]
   125 | D:1      | Reached XP level 2. HP: 17/17 MP: 3/3
   362 | D:1      | Reached skill level 5 in Bows
   415 | D:1      | You add the spells Gell's Gravitas, Teleport Other and
                  | Dispersal to your library.
   929 | D:1      | Reached XP level 3. HP: 21/21 MP: 4/4
  1055 | D:1      | Identified a scroll of acquirement
  1061 | D:1      | Quit the game

Vanquished Creatures
  A dart slug (D:1)
  2 endoplasms (D:1)
  3 giant cockroaches (D:1)
  4 goblins (D:1)
  3 hobgoblins (D:1)
  3 jackals (D:1)
  3 ball pythons (D:1)
  2 bats (D:1)
  A frilled lizard (D:1)
  3 rats (D:1)
25 creatures vanquished.

Table legend:
 A = Non-vault XP
 B = Vault XP
 C = Vault XP percentage of total XP
 D = Non-vault monster count
 E = Vault monster count
 F = Vault count percentage of total count
                 A         B        C        D         E       F
            +---------+---------+-------+---------+---------+-------
      Total |      42 |       2 |   4.5 |      23 |       2 |   8.0
            +---------+---------+-------+---------+---------+-------
        D:1 |      42 |       2 |   4.5 |      23 |       2 |   8.0
            +---------+---------+-------+---------+---------+-------

Illustrated notes

Table legend:
 A = Kills in this place as a percentage of kills in entire the game.
 B = Kills by you in this place as a percentage of kills by you in the entire game.
 C = Kills by friends in this place as a percentage of kills by friends in the entire game.
 D = Other kills in this place as a percentage of other kills in the entire game.
 E = Experience gained in this place as a percentage of experience gained in the entire game.
 F = Experience gained in this place divided by the number of levels of this place that you have seen.
                   A       B       C       D       E      F
               +-------+-------+-------+-------+-------+----------------------
         Total | 100.0 | 100.0 |   N/A |   N/A | 100.0 |  44.0
       Dungeon | 100.0 | 100.0 |   N/A |   N/A | 100.0 |  44.0
               +-------+-------+-------+-------+-------+----------------------

Table legend: (Time is in decaauts)
 A = Elapsed time spent in this place.
 B = Non-inter-level travel time spent in this place.
 C = Inter-level travel time spent in this place.
 D = Time resting spent in this place.
 E = Time spent auto-exploring this place.
 F = Levels seen in this place.
 G = Mean time per level.
                   A        B        C        D        E       F      G
               +--------+--------+--------+--------+--------+-----+--------+
         Total |   1082 |   1073 |      9 |      0 |    946 |   1 | 1082.0 |
       Dungeon |   1082 |   1073 |      9 |      0 |    946 |   1 | 1082.0 |
               +--------+--------+--------+--------+--------+-----+--------+

Top non-repeatable levels by time:
     D:1: 1082 daAuts
